Map: Whirlwind LE (Void)

Players

DarkMinions - Winner!

  • Race: Zerg Zerg
  • League: Diamond
  • Spawn Location: 11:00

CorsairThor

  • Race: Terran Terran
  • League: Diamond
  • Spawn Location: 5:00

VOD

Have the link to the VOD?

Description

Two base muta

Time

  • Played on: Dec. 28, 2016, 3:44 p.m.
  • Length: 9:34
Show
View Real Time Build Order
Export as new Build Order

DarkMinions Zerg - Winner!

Build Orders: Hatch First, Two Base Muta 

Get SALT Encoding   

  12  0:01  Drone  
  13  0:12  Overlord  
  13  0:19  Drone  
  14  0:22  Extractor  
  14  0:23  Drone  
  15  0:33  Drone  
  16  0:40  Drone  
  17  0:54  Hatchery  
  17  0:55  Drone  
  17  0:58  Drone  
  18  1:14  Spawning Pool  
  18  1:18  Drone x2  
  19  1:24  Extractor  
  18  1:29  Drone  
  19  1:42  Overlord  
  19  2:03  Drone x2  
  19  2:04  Queen  
  19  2:07  Queen  
  19  2:08  Zergling x2  
  26  2:13  Zergling x2  
  27  2:19  Drone  
  28  2:24  Drone  
  30  2:30  Drone  
  30  2:32  Metabolic Boost  
  30  2:35  Overlord  
  30  2:40  Queen  
  30  2:41  Drone  
  33  2:46  Queen  
  33  2:50  Drone  
  36  2:52  Overlord  
  36  2:59  Baneling Nest, Drone  
  36  3:01  Drone  
  37  3:11  Drone x2  
  39  3:15  Extractor  
  38  3:24  Lair  
  38  3:26  Drone x5  
  43  3:29  Extractor  
  43  3:30  Extractor  
  43  3:32  Overlord  
  41  3:47  Drone x3  
  41  3:48  Drone  
  45  3:50  Overlord  
  45  3:59  Drone x3  
  45  4:00  Drone x2  
  50  4:08  Drone  
  51  4:13  Overlord  
  51  4:14  Drone  
  52  4:24  Drone x4, Spire  
  53  4:36  Spore Crawler  
  52  4:38  Spore Crawler  
  52  4:40  Spine Crawler  
  52  4:41  Spine Crawler  
  52  4:42  Zergling x4  
  52  4:43  Zergling x2  
  52  5:01  Drone  
  52  5:02  Drone x2  
  52  5:03  Zergling x12  
  52  5:05  Zergling x6  
  64  5:18  Baneling x4  
  64  5:19  Baneling x2  
  64  5:25  Overlord x3  
  64  5:41  Zerg Flyer Weapons Level 1  
  64  5:42  Mutalisk x3  
  64  5:43  Mutalisk x2  
  74  5:58  Mutalisk x4  
  74  6:01  Overlord  
  74  6:02  Overlord  
  82  6:26  Mutalisk x3  
  77  6:51  Mutalisk x3  
  83  6:56  Overlord x2  
  83  7:01  Hatchery  
  82  7:02  Hatchery  
  82  7:03  Evolution Chamber x2  
  82  7:06  Zergling x12  
  83  7:31  Mutalisk x4  
  83  7:36  Zergling x10  
  96  7:45  Drone x2  
  98  8:08  Zergling x10  
  98  8:11  Baneling x13  
  90  8:46  Zergling x24  
  101  8:55  Drone  
  102  8:56  Queen  
  96  9:07  Zergling x2  
  96  9:08  Zergling x10  
  96  9:09  Baneling x11  
  102  9:10  Baneling x2  
Show
View Real Time Build Order
Export as new Build Order

CorsairThor Terran 

Build Orders: Reaper Expand, MMM Bio 

Get SALT Encoding   

  12  0:01  SCV  
  13  0:13  SCV  
  14  0:17  Supply Depot  
  14  0:25  SCV  
  15  0:28  Refinery  
  15  0:41  Barracks  
  15  0:45  SCV  
  16  0:57  SCV  
  17  1:10  SCV  
  18  1:22  SCV  
  19  1:29  Reaper  
  20  1:34  SCV  
  20  1:38  Command Center  
  21  1:46  SCV  
  22  1:52  Barracks  
  22  1:58  SCV  
  23  2:02  Barracks Reactor  
  23  2:09  Supply Depot  
  23  2:19  Orbital Command  
  23  2:34  Factory  
  23  2:40  Marine x2  
  24  2:48  SCV  
  24  2:50  Barracks Tech Lab  
  25  2:53  Orbital Command  
  25  3:00  Marine x2  
  27  3:10  Marine  
  28  3:15  Refinery  
  27  3:20  SCV  
  27  3:21  SCV  
  27  3:22  Marine  
  27  3:23  Marine  
  31  3:29  Stimpack, Marine  
  31  3:33  SCV  
  33  3:35  SCV  
  33  3:40  Supply Depot, Marine x2  
  36  3:46  SCV  
  36  3:47  Marine  
  38  3:50  SCV  
  39  3:58  Marine  
  39  3:59  Factory Reactor  
  39  4:01  Starport  
  40  4:03  SCV  
  40  4:05  Supply Depot  
  40  4:08  Marine x2  
  40  4:09  SCV  
  44  4:15  SCV  
  45  4:19  Marine  
  46  4:25  SCV  
  47  4:36  SCV  
  48  4:40  SCV  
  48  4:43  Factory Tech Lab  
  48  4:45  Engineering Bay  
  49  4:46  Supply Depot, Medivac x2  
  49  4:47  Engineering Bay  
  49  4:51  SCV  
  54  4:54  Marine x2  
  54  4:56  Marauder  
  54  4:59  SCV  
  59  5:05  Supply Depot  
  59  5:06  Supply Depot  
  59  5:15  SCV x2  
  61  5:22  Terran Infantry Weapons Level 1, Command Center  
  61  5:23  Terran Infantry Armor Level 1  
  61  5:36  Supply Depot  
  61  5:37  Widow Mine  
  61  5:41  Marauder  
  65  5:49  Refinery, Barracks  
  66  5:50  SCV x2  
  66  5:51  Refinery  
  66  5:55  Combat Shields  
  67  6:07  Hellion  
  67  6:08  Marauder  
  71  6:12  Supply Depot  
  71  6:14  SCV x2  
  71  6:16  Armory  
  73  6:23  Marine x2  
  75  6:28  Hellion  
  75  6:29  Marine  
  76  6:35  Infernal Pre-Igniter  
  72  6:40  Marine  
  72  6:45  Marine x3  
  66  6:47  Marine  
  66  6:48  Orbital Command  
  66  6:51  Missile Turret  
  67  6:55  Missile Turret, Medivac  
  67  7:00  Barracks  
  69  7:02  Barracks, SCV x2  
  69  7:03  Barracks  
  69  7:05  Terran Vehicle Weapons Level 1  
  71  7:12  Marine x4  
  71  7:21  Marine  
  68  7:30  Marine x4  
  68  7:31  Medivac  
  74  7:39  Marine  
  75  7:47  Marine  
  75  7:48  Marine  
  75  7:49  Marine x2  
  79  7:53  Supply Depot  
  79  7:57  Marine  
  78  8:05  Marine x2  
  80  8:23  Barracks Reactor  
  80  8:26  Marine x3  
  83  8:27  Medivac  
  64  8:53  Marine x4  
  68  8:58  Missile Turret  
  66  9:05  Marine  
  66  9:07  Marine x4  
  66  9:08  Hellbat  
  73  9:11  Marine  
  73  9:12  SCV x2  
Tags
 
Add a new tag
Caveats
  • Supply blocks, unpowered buildings, or Contaminate may cause inaccurate times.
  • Supply counts are checked every 10 seconds.